 Dungeon Crawl Stone Soup version 0.21-a0-625-g1119ec1 (webtiles) character file.

4746 tof the Spear-Bearer (level 10, 0/76 HPs)
             Began as a Demonspawn Gladiator on Dec 23, 2017.
             Was an Elder of Okawaru.
             Slain by a killer bee (7 damage)
             ... on level 8 of the Dungeon on Dec 24, 2017.
             The game lasted 00:21:46 (9355 turns).

tof the Spear-Bearer (Demonspawn Gladiator)         Turns: 9355, Time: 00:21:46

Health: 0/76       AC:  8    Str: 15    XL:     10   Next: 22%
Magic:  0/16       EV: 12    Int: 10    God:    Okawaru [****..]
Gold:   551        SH:  0    Dex: 17    Spells: 9/9 levels left

rFire    . . .     SeeInvis .   a - +0 trident
rCold    . . .     Gourm    .   (no shield)
rNeg     . . .     Faith    .   n - +1 ring mail {rPois}
rPois    +         Spirit   +   (helmet restricted)
rElec    .         Reflect  .   x - +0 cloak
rCorr    .         Harm     .   (no gloves)
MR       .....                  (no boots)
Stlth    ++........             y - amulet of guardian spirit
HPRegen  0.22/turn              (no ring)
MPRegen  0.15/turn              (no ring)

@: lethally poisoned (0 -> -1)
A: claws 1, horns 1, talons 2, nightstalker 1, powered by death 2
a: Heroism, Renounce Religion


You were on level 8 of the Dungeon.
You worshipped Okawaru.
Okawaru was greatly pleased with you.
You were hungry.

You visited 2 branches of the dungeon, and saw 9 of its levels.

You collected 551 gold pieces.

Inventory:

Hand Weapons
 a - a +0 trident (weapon)
Missiles
 d - 3 throwing nets
 D - 3 poisoned javelins (quivered)
 G - 6 tomahawks
 H - 3 poisoned tomahawks
Armour
 f - a +0 helmet
 n - a +1 ring mail of poison resistance (worn)
 x - a +0 cloak (worn)
Jewellery
 y - an amulet of guardian spirit (around neck)
 F - an uncursed amulet of the gourmand {unknown}
Wands
 t - a wand of scattershot (6)
 z - a wand of acid (10)
 A - a wand of paralysis (10)
 B - a wand of flame (15)
Scrolls
 e - 4 scrolls of identify {unknown}
 g - 2 scrolls of magic mapping {unknown}
 i - 3 scrolls of teleportation {unknown}
 j - 2 scrolls of random uselessness {unknown}
 k - 9 scrolls of remove curse
 o - 3 scrolls of amnesia {unknown}
 q - 3 scrolls of blinking
 r - 3 scrolls of enchant weapon {unknown}
 v - 3 scrolls of enchant armour {unknown}
 C - a scroll of brand weapon {unknown}
 E - a scroll of fog {unknown}
Potions
 b - a potion of flight {unknown}
 h - 2 potions of ambrosia {unknown}
 l - a potion of heal wounds {unknown}
 m - a potion of haste
 p - 3 potions of brilliance {unknown}
 u - 2 potions of agility
 w - 2 potions of cancellation {unknown}
 I - a potion of curing
Books
 s - a book of Minor Magic

   Spells                             Type                      Level
   a - Magic Dart                     Conjuration                  1
   b - Blink                          Translocation                2
   c - Call Imp                       Summoning                    2
   d - Slow                           Hexes                        2
   e - Conjure Flame                  Conjuration/Fire             3
   f - Mephitic Cloud                 Conjuration/Poison/Air       3
Comestibles
 c - 10 rations


   Skills:
 + Level 6.2 Fighting
 * Level 8.2 Polearms
 + Level 5.6 Throwing
 + Level 5.2 Armour
 - Level 2.6 Dodging
 * Level 8.2 Invocations
 - Level 2.9 Evocations


You had 9 spell levels left.
You didn't know any spells.

Dungeon Overview and Level Annotations

Branches:
Dungeon (8/15)             Temple (1/1) D:5
   Lair: D:8-11

Altars:
Ashenzari
Cheibriados
Elyvilon
Fedhas
Gozag
Hepliaklqana
Kikubaaqudgha
Makhleb
Nemelex Xobeh
Okawaru
Qazlal
Ru
Trog
Uskayaw
Wu Jian
Xom
Yredelemnul
Zin
The Shining One

Shops:
D:4 (

Annotations:
D:3 2 transporters


Innate Abilities, Weirdness & Mutations

You have sharp fingernails.
You have a pair of small horns on your head.
You have razor-sharp toenails.
You are slightly more attuned to the shadows.
You regenerate health from kills.


Message History

The killer bee is lightly wounded.
The killer bee stings you.
* * * LOW HITPOINT WARNING * * *
You barely miss the killer bee. You claw the killer bee.
Your headbutt misses the killer bee.
The killer bee is moderately wounded.
The killer bee closely misses you. The killer bee misses you.
You closely miss the killer bee. Your headbutt misses the killer bee.
The killer bee is moderately wounded.
The killer bee stings you!
* * * LOW HITPOINT WARNING * * *
The killer bee stings you.
* * * LOW HITPOINT WARNING * * *
You miss the killer bee. Your headbutt misses the killer bee.
The killer bee is moderately wounded.
You feel sick. The killer bee closely misses you. x2
You closely miss the killer bee. Your headbutt misses the killer bee.
The killer bee is moderately wounded.
The killer bee barely misses you. The killer bee stings you!
You die...

#.# #.# #.# #.# #.# #.#
#.# #.# #.# #.# #.# #.#
#.############.#
#..............########
###########.....@yhyyh.
#.#########y. #.# #.#
#.# #.# #.# #.# #.#


You could see 2 wolves and 4 killer bees.

Vanquished Creatures
  A two-headed ogre (D:8)
  The ghost of Apogee the Cleaver, a novice MiFi of Okawaru (D:6)
  A hippogriff (D:8)
  Sigmund (D:6)
  Eustachio (D:6)
  Grum (D:8)
  Menkaure (D:6)
  A water moccasin (D:6)
  2 ice beasts
  Duvessa (D:6)
  A phantom (D:5)
  A black bear (D:4)
  2 orc warriors
  An ogre (D:5)
  A wolf (D:8)
  A big kobold (D:8)
  3 bullfrogs
  Dowan (D:6)
  8 scorpions
  3 wights (D:7)
  A killer bee (D:8)
  A howler monkey (D:7)
  A bullfrog zombie (D:5)
  A crimson imp (D:7)
  2 centaur zombies
  8 orc priests
  3 hounds
  2 bullfrog skeletons
  4 orc wizards
  Natasha (D:2)
  5 worker ants
  2 killer bee zombies (D:7)
  A hound skeleton (D:7)
  A worker ant zombie (D:6)
  Robin (D:2)
  4 gnolls (D:6)
  9 adders
  An ooze (D:3)
  3 adder zombies
  An adder skeleton (D:4)
  2 worms (D:2)
  3 leopard geckos
  35 orcs
  15 bats
  3 giant cockroaches
  18 goblins
  7 hobgoblins
  15 jackals
  6 quokkas
  A jackal skeleton (D:6)
  15 kobolds
  7 rats
212 creatures vanquished.

Vanquished Creatures (others)
  A fungus (D:4)
1 creature vanquished.

Grand Total: 213 creatures vanquished

Notes
Turn   | Place    | Note
-------+----------+-------------------------------------------
     0 | D:1      | tof the Demonspawn Gladiator began the quest for the Orb.
     0 | D:1      | Reached XP level 1. HP: 16/16 MP: 1/1
     3 | D:1      | Noticed an electric eel
     3 | D:1      | Noticed an electric eel
   600 | D:1      | Gained mutation: You regenerate a little health from kills. [demonic ancestry]
   600 | D:1      | Reached XP level 2. HP: 22/22 MP: 2/2
   963 | D:2      | Reached skill level 1 in Armour
   963 | D:2      | Gained mutation: You regenerate health from kills. [demonic ancestry]
   963 | D:2      | Reached XP level 3. HP: 28/28 MP: 3/3
  1078 | D:2      | Noticed Robin
  1094 | D:2      | Killed Robin
  1094 | D:2      | Gained mutation: You are slightly more attuned to the shadows. [demonic ancestry]
  1094 | D:2      | Reached XP level 4. HP: 20/34 MP: 4/4
  1323 | D:2      | Noticed Natasha
  1342 | D:2      | Killed Natasha
  1658 | D:2      | Found a hazy altar of Hepliaklqana.
  1754 | D:3      | Found a transporter.
  1759 | D:3      | Found a transporter.
  1770 | D:3      | Found a bloodstained altar of Trog.
  1809 | D:3      | Reached XP level 5. HP: 40/40 MP: 5/5
  2495 | D:4      | Found a shattered altar of Ashenzari.
  2701 | D:4      | Reached skill level 1 in Evocations
  2701 | D:4      | Gained mutation: You have sharp fingernails. [demonic ancestry]
  2701 | D:4      | Reached XP level 6. HP: 22/47 MP: 6/6
  2969 | D:4      | Found Nosilo's Weapon Emporium.
  3795 | D:4      | Gained mutation: You have sharp toenails. [demonic ancestry]
  3795 | D:4      | Reached XP level 7. HP: 47/52 MP: 8/8
  3822 | D:4      | Reached skill level 5 in Polearms
  4048 | D:4      | Found the +7 Singing Sword
  4425 | D:5      | Entered Level 5 of the Dungeon
  4990 | D:5      | Found a staircase to the Ecumenical Temple.
  5047 | Temple   | Entered the Ecumenical Temple
  5243 | Temple   | Became a worshipper of Warmaster Okawaru
  5244 | Temple   | Upgraded the game from 0.21-a0-618-g6cbd37f to 0.21-a0-621-gc60411f
  5394 | D:6      | Reached XP level 8. HP: 53/60 MP: 7/10
  5428 | D:5      | Reached skill level 1 in Invocations
  5496 | D:6      | Noticed Apogee's ghost (novice MiFi)
  5793 | D:6      | Noticed Dowan
  5794 | D:6      | Noticed Duvessa
  5796 | D:6      | Noticed Eustachio
  5935 | D:6      | Noticed Sigmund
  5998 | D:6      | Killed Sigmund
  6077 | D:6      | Noticed Menkaure
  6430 | D:5      | Reached * piety under Okawaru
  6565 | D:6      | Killed Apogee's ghost
  6565 | D:6      | Reached skill level 5 in Fighting
  6861 | D:6      | Gained mutation: You have a pair of small horns on your head. [demonic ancestry]
  6861 | D:6      | Reached XP level 9. HP: 44/68 MP: 7/12
  6873 | D:6      | Killed Menkaure
  6873 | D:6      | Reached skill level 5 in Invocations
  7025 | D:6      | Killed Eustachio
  7025 | D:6      | Reached ** piety under Okawaru
  7047 | D:6      | Found a sacrificial altar of Ru.
  7367 | D:6      | Killed Duvessa
  7388 | D:6      | Killed Dowan
  7665 | D:6      | Upgraded the game from 0.21-a0-621-gc60411f to 0.21-a0-625-g1119ec1
  7724 | D:7      | Reached skill level 5 in Throwing
  8333 | D:6      | Reached *** piety under Okawaru
  9025 | D:7      | Found an ancient bone altar of Kikubaaqudgha.
  9025 | D:7      | Found a stormy altar of Qazlal.
  9027 | D:7      | Found a white marble altar of Elyvilon.
  9027 | D:7      | Found a blossoming altar of Fedhas.
  9268 | D:8      | Noticed a two-headed ogre
  9275 | D:8      | Killed a two-headed ogre
  9275 | D:8      | Reached **** piety under Okawaru
  9275 | D:8      | Received a gift from Okawaru
  9275 | D:8      | Reached skill level 5 in Armour
  9275 | D:8      | Gained mutation: You have razor-sharp toenails. [demonic ancestry]
  9275 | D:8      | Reached XP level 10. HP: 50/76 MP: 9/16
  9329 | D:8      | Noticed Grum
  9349 | D:8      | Killed Grum
  9355 | D:8      | Slain by a killer bee

Vault maps used:
D:1:      arrival_aquarium_b, hangedman_decor_opposing
D:2:      marbit_many_paths, first_ration, uniq_robin, uniq_natasha
D:3:      gammafunk_temple_overflow_arena
D:4:      old_forge, lemuel_round_altar, serial_shops, shop
D:5:      temple_statues, kennysheep_nondescript
D:6:      nicolae_ru_path_of_blood, uniq_eustachio, uniq_menkaure, uniq_duvessa,
          uniq_sigmund
D:7:      grunt_temple_overflow_cloverleaf
D:8:      old_standard_altar, st_stairs_14, uniq_grum
Temple:   minmay_temple_curvy_branch

Skill      XL: |  1  2  3  4  5  6  7  8  9 |
---------------+----------------------------+-----
Polearms       | 3 4 5 6 8 |  8.2
Throwing       | 2 3 4 5 |  5.6
Armour         | 1 2 3 4 5 |  5.2
Fighting       | 3 4 5 6 |  6.2
Evocations     | 1 2 |  2.9
Invocations    | 4 8 |  8.2
Dodging        | |  2.6

Action                   |  1- 3 |  4- 6 |  7- 9 | 10-12 || total
-------------------------+-------+-------+-------+-------++-------
Melee: Trident           |   101 |   257 |   574 |    24 ||   956
       Kick              |       |       |   180 |     7 ||   187
       Punch             |       |       |     2 |       ||     2
       Headbutt          |       |       |    53 |     2 ||    55
Throw: Tomahawk          |       |       |    23 |       ||    23
       Throwing net      |       |       |     2 |       ||     2
       Javelin           |       |       |       |     4 ||     4
Invok: Heroism           |       |       |     2 |       ||     2
  Use: Potion            |       |     1 |       |       ||     1
       Scroll            |       |       |     3 |       ||     3
 Stab: Sleeping          |       |     9 |     2 |       ||    11
       Held in net/web   |       |       |     1 |       ||     1
  Eat: Chunk             |     1 |     7 |    16 |       ||    24
       Ration            |       |       |     1 |       ||     1
Armor: Leather armour    |     3 |       |       |       ||     3
       Ring mail         |    30 |   119 |   222 |     4 ||   375
Dodge: Dodged            |    48 |   202 |   378 |    17 ||   645

Table legend:
 A = Spawn XP
 B = Non-spawn XP
 C = Spawn XP percentage of total XP
 D = Spawn monster count
 E = Non-spawn monster count
 F = Spawn count percentage of total count
 G = Total turns spent on level
                    A         B        C        D         E        F      G
               +---------+---------+-------+---------+---------+-------+---------
         Total |       0 |    6780 |   0.0 |       0 |     212 |   0.0 |  9355
               +---------+---------+-------+---------+---------+-------+---------
           D:1 |       0 |      14 |   0.0 |       0 |      10 |   0.0 |   915
           D:2 |       0 |     177 |   0.0 |       0 |      44 |   0.0 |   787
           D:3 |       0 |      98 |   0.0 |       0 |      19 |   0.0 |   788
           D:4 |       0 |     824 |   0.0 |       0 |      35 |   0.0 |  2072
           D:5 |       0 |     549 |   0.0 |       0 |      20 |   0.0 |  1191
           D:6 |       0 |    2253 |   0.0 |       0 |      29 |   0.0 |  1868
           D:7 |       0 |    1168 |   0.0 |       0 |      40 |   0.0 |  1343
           D:8 |       0 |    1697 |   0.0 |       0 |      15 |   0.0 |   172
               +---------+---------+-------+---------+---------+-------+---------
